UAA
ATLANTIC CITY SONICS @ MARMORA SCRAMBLERS
07/14/2017
 
TOP OF THE 1ST
Atlantic City Sonics batting - Pitching for Marmora Scramblers : RHP José Campos
Pitching: RHP José Campos
Batting: RHB Tim Giap 0-0: Ball
1-0: Swinging Strike
1-1: Foul Ball, location: 2F
1-2: Foul Ball, location: 2F
1-2: Strikes out swinging
Batting: RHB Jason Duncan 0-0: Ball
1-0: Ball
2-0: Ball
3-0: Called Strike
3-1: DOUBLE (Flyball, 89M)
Batting: LHB Francisco Ortega 0-0: DOUBLE (Line Drive, 9LS)
Jason Duncan scores
Batting: RHB Russell Jackson 0-0: Called Strike
0-1: Swinging Strike
0-2: Ball
1-2: Ball
Passed Ball!
Francisco Ortega to third
2-2: Ball
3-2: Base on Balls
Batting: LHB Dale Parkinson 0-0: Fly out, F5 (Popup, 5)
Batting: RHB Jesús Rodríguez 0-0: Ball
1-0: Swinging Strike
1-1: Foul Ball, location: 2F
1-2: Fly out, F9 (Line Drive, 89S)
Top of the 1st over - 1 run(s), 2 hit(s), 0 error(s), 2 left on base; Atlantic City 1 - Marmora 0
BOTTOM OF THE 1ST
Marmora Scramblers batting - Pitching for Atlantic City Sonics : RHP Carlos Trevino
Pitching: RHP Carlos Trevino
Batting: RHB Clarence Fox 0-0: Called Strike
0-1: Swinging Strike
0-2: Ball
1-2: Ground out 6-3 (Groundball, 6)
Batting: RHB Chris Hopkins 0-0: Called Strike
0-1: Foul Ball, location: 2F
0-2: Ball
1-2: Ball
2-2: SINGLE (Line Drive, 34)
Batting: SHB Dave Orchard 0-0: Ball
1-0: Fly out, F9 (Flyball, 9M)
Batting: LHB Randy Daugherty 0-0: Called Strike
0-1: Ground out 4-3 (Groundball, 4)
Bottom of the 1st over - 0 run(s), 1 hit(s), 0 error(s), 1 left on base; Atlantic City 1 - Marmora 0
TOP OF THE 2ND
Atlantic City Sonics batting - Pitching for Marmora Scramblers : RHP José Campos
Batting: RHB Luis Garza 0-0: Fly out, F7 (Flyball, 7M)
Batting: RHB Michael Bucknell 0-0: Ball
1-0: Bunted foul
1-1: Ball
2-1: Ground out 5-3 (Groundball, 5S)
Batting: RHB Toby Hopper 0-0: Fly out, F3 (Popup, 3DF)
Top of the 2nd over - 0 run(s), 0 hit(s), 0 error(s), 0 left on base; Atlantic City 1 - Marmora 0
BOTTOM OF THE 2ND
Marmora Scramblers batting - Pitching for Atlantic City Sonics : RHP Carlos Trevino
Batting: RHB Chris Teague 0-0: Called Strike
0-1: Fly out, F7 (Flyball, 7M)
Batting: LHB Tomás Guillén 0-0: Ball
1-0: Fly out, F7 (Flyball, 78M)
Batting: SHB Carlton Reed 0-0: Ball
1-0: Bunt for hit - play at first, batter safe!
Batting: RHB Andrew Weeks 0-0: Called Strike
0-1: Ball
1-1: Ball
2-1: Foul Ball, location: 2F
2-2: Foul Ball, location: 2F
2-2: DOUBLE (Line Drive, 9LM)
Carlton Reed to third
Runner from 3rd tries for Home, SAFE, no throw or cutoff
Batting: RHB Larry Bryant 0-0: Ball
1-0: Ball
2-0: Foul Ball, location: 2F
2-1: Ball
3-1: Called Strike
3-2: Fly out, F9 (Flyball, 9LM)
Bottom of the 2nd over - 1 run(s), 2 hit(s), 0 error(s), 1 left on base; Atlantic City 1 - Marmora 1
TOP OF THE 3RD
Atlantic City Sonics batting - Pitching for Marmora Scramblers : RHP José Campos
Batting: RHB Tim Giap 0-0: Ball
1-0: Ball
2-0: Ball
3-0: Base on Balls
Batting: RHB Jason Duncan 0-0: Called Strike
0-1: Foul Ball, location: 2F
0-2: Ball
1-2: Strikes out swinging
Batting: LHB Francisco Ortega 0-0: Ball
1-0: Called Strike
1-1: Called Strike
Tim Giap is caught stealing 2nd base
1-2: Ground out 3-6 (Groundball, 3)
Top of the 3rd over - 0 run(s), 0 hit(s), 0 error(s), 0 left on base; Atlantic City 1 - Marmora 1
BOTTOM OF THE 3RD
Marmora Scramblers batting - Pitching for Atlantic City Sonics : RHP Carlos Trevino
Batting: RHB Clarence Fox 0-0: Ground out 4-3 (Groundball, 34S)
Batting: RHB Chris Hopkins 0-0: Ball
1-0: Ball
2-0: Ball
3-0: Base on Balls
Batting: SHB Dave Orchard 0-0: DOUBLE (Flyball, 9LM)
Chris Hopkins to third
Batting: LHB Randy Daugherty 0-0: Ball
1-0: Swinging Strike
1-1: Ball
2-1: Ball
3-1: Reached on error, E4 (Groundball, 4)
Chris Hopkins scores
Dave Orchard scores
Batting: RHB Chris Teague 0-0: Ground out 6-3 (Groundball, 6)
Randy Daugherty to third
Batting: LHB Tomás Guillén 0-0: Ball
1-0: Fly out, F8 (Popup, 89S)
Bottom of the 3rd over - 2 run(s), 1 hit(s), 1 error(s), 1 left on base; Atlantic City 1 - Marmora 3
TOP OF THE 4TH
Atlantic City Sonics batting - Pitching for Marmora Scramblers : RHP José Campos
Batting: RHB Russell Jackson 0-0: SINGLE (Groundball, 4MD)
Batting: LHB Dale Parkinson 0-0: Ball
1-0: Ball
2-0: Called Strike
2-1: Fielders Choice at 2nd, 4-6 (Groundball, 4)
Batting: RHB Jesús Rodríguez 0-0: Called Strike
0-1: Foul Ball, location: 2F
0-2: Fielders Choice at 2nd, 5-4 (Groundball, 56)
Batting: RHB Luis Garza 0-0: Called Strike
Jesús Rodríguez steals 2nd base
0-1: Fly out, F9 (Flyball, 9M)
Top of the 4th over - 0 run(s), 1 hit(s), 0 error(s), 1 left on base; Atlantic City 1 - Marmora 3
BOTTOM OF THE 4TH
Marmora Scramblers batting - Pitching for Atlantic City Sonics : RHP Carlos Trevino
Batting: SHB Carlton Reed 0-0: Called Strike
0-1: Swinging Strike
0-2: Ground out 4-3 (Groundball, 4)
Batting: RHB Andrew Weeks 0-0: SINGLE (Line Drive, 34D)
Batting: RHB Larry Bryant 0-0: Ball
1-0: Called Strike
1-1: Swinging Strike
1-2: Ball
2-2: SINGLE (Groundball, 6MD)
Andrew Weeks to second
Runner from 2nd tries for 3rd, OUT!
Larry Bryant to second
Batting: RHB Clarence Fox 0-0: Ball
1-0: Ball
2-0: Foul Ball, location: 2F
2-1: Swinging Strike
2-2: Strikes out swinging
Bottom of the 4th over - 0 run(s), 2 hit(s), 0 error(s), 1 left on base; Atlantic City 1 - Marmora 3
TOP OF THE 5TH
Atlantic City Sonics batting - Pitching for Marmora Scramblers : RHP José Campos
Batting: RHB Michael Bucknell 0-0: Ball
1-0: Called Strike
1-1: Foul Ball, location: 2F
1-2: Ground out 6-3 (Groundball, 6)
Batting: RHB Toby Hopper 0-0: Foul Ball, location: 2F
0-1: Ball
1-1: Fly out, F7 (Flyball, 78D)
Batting: RHB Tim Giap 0-0: Called Strike
0-1: Called Strike
0-2: Ball
1-2: Ground out 3-1 (Groundball, 34S)
Top of the 5th over - 0 run(s), 0 hit(s), 0 error(s), 0 left on base; Atlantic City 1 - Marmora 3
BOTTOM OF THE 5TH
Marmora Scramblers batting - Pitching for Atlantic City Sonics : RHP Carlos Trevino
Batting: RHB Chris Hopkins 0-0: Foul Ball, location: 2F
0-1: Foul Ball, location: 2F
0-2: Foul Ball, location: 2F
0-2: Ground out 1-3 (Groundball, 13S)
Batting: SHB Dave Orchard 0-0: Called Strike
0-1: Foul Ball, location: 2F
0-2: SINGLE (Groundball, 4M)
Batting: LHB Randy Daugherty 0-0: Ball
1-0: Ball
2-0: Called Strike
2-1: Foul Ball, location: 2F
2-2: Ball
3-2: Base on Balls
Dave Orchard to second
Batting: RHB Chris Teague 0-0: Called Strike
0-1: Foul Ball, location: 2F
0-2: Ball
1-2: SINGLE (Line Drive, 56D)
Dave Orchard to third
Randy Daugherty to second
Batting: LHB Tomás Guillén 0-0: Ball
1-0: Ball
2-0: Foul Ball, location: 2F
2-1: Fly out, F7 (Popup, 6D)
Batting: SHB Carlton Reed 0-0: Called Strike
0-1: Ball
1-1: Fly out, F8 (Flyball, 8LM)
Bottom of the 5th over - 0 run(s), 2 hit(s), 0 error(s), 3 left on base; Atlantic City 1 - Marmora 3
TOP OF THE 6TH
Atlantic City Sonics batting - Pitching for Marmora Scramblers : RHP José Campos
Batting: RHB Jason Duncan 0-0: Ball
1-0: Foul Ball, location: 2F
1-1: Ball
2-1: Foul Ball, location: 2F
2-2: Ball
3-2: Fly out, F8 (Flyball, 8LS)
Batting: LHB Francisco Ortega 0-0: Ball
1-0: Ball
2-0: Foul Ball, location: 2F
2-1: SINGLE (Popup, 8RS)
Batting: RHB Russell Jackson 0-0: Called Strike
0-1: Ball
1-1: Foul Ball, location: 2F
1-2: Foul Ball, location: 2F
1-2: Foul Ball, location: 2F
1-2: Fielders Choice at 2nd, 5-4 (Groundball, 5L)
Batting: LHB Dale Parkinson 0-0: Called Strike
0-1: Ball
1-1: Ball
2-1: Foul Ball, location: 2F
2-2: Ball
3-2: Base on Balls
Russell Jackson to second
Batting: RHB Jesús Rodríguez 0-0: Foul Ball, location: 2F
0-1: Ball
1-1: Fly out, F8 (Flyball, 8RS)
Top of the 6th over - 0 run(s), 1 hit(s), 0 error(s), 2 left on base; Atlantic City 1 - Marmora 3
BOTTOM OF THE 6TH
Marmora Scramblers batting - Pitching for Atlantic City Sonics : RHP Carlos Trevino
Batting: RHB Andrew Weeks 0-0: Ball
1-0: Reached on error, E5 (Groundball, 5S)
Batting: RHB Larry Bryant 0-0: Fly out, F6 (Popup, 6MD)
Batting: RHB Clarence Fox 0-0: Called Strike
Andrew Weeks steals 2nd base
0-1: SINGLE (Groundball, 5D)
Andrew Weeks to third
Runner from 3rd tries for Home, SAFE, throw made home
Clarence Fox to second
Batting: RHB Chris Hopkins 0-0: Ground out 6-3 (Groundball, 6)
Batting: SHB Dave Orchard 0-0: Ground out 1-3 (Groundball, 13S)
Bottom of the 6th over - 1 run(s), 1 hit(s), 1 error(s), 1 left on base; Atlantic City 1 - Marmora 4
TOP OF THE 7TH
Atlantic City Sonics batting - Pitching for Marmora Scramblers : RHP José Campos
Batting: RHB Luis Garza 0-0: Bunted foul
0-1: Called Strike
0-2: Ball
1-2: Strikes out swinging
Batting: RHB Michael Bucknell 0-0: Ball
1-0: Called Strike
1-1: Foul Ball, location: 2F
1-2: Foul Ball, location: 2F
1-2: Ball
2-2: Ball
3-2: Strikes out looking
Batting: RHB Toby Hopper 0-0: Ball
1-0: Ball
2-0: Ball
3-0: Base on Balls
Batting: RHB Tim Giap 0-0: Ball
1-0: Ball
2-0: Ball
3-0: Base on Balls
Toby Hopper to second
Pitching: RHP Jim Unknown
Batting: RHB Jason Duncan 0-0: SINGLE (Groundball, 56D)
Toby Hopper to third
Tim Giap to second
Runner from 3rd tries for Home, SAFE, throw made home
Pitching: LHP Martin García
Pinch Hitting: RHB Jim Unknown 0-0: Ball
1-0: Ball
2-0: SINGLE (Line Drive, 6D)
Tim Giap to third
Jason Duncan to second
Runner from 3rd tries for Home, SAFE, no throw or cutoff
Batting: RHB Russell Jackson 0-0: Called Strike
0-1: Ball
1-1: Called Strike
1-2: Ground out 5-3 (Groundball, 56)
Top of the 7th over - 2 run(s), 2 hit(s), 0 error(s), 2 left on base; Atlantic City 3 - Marmora 4
BOTTOM OF THE 7TH
Marmora Scramblers batting - Pitching for Atlantic City Sonics : RHP Carlos Trevino
Now in RF: Jim Unknown
Batting: LHB Randy Daugherty 0-0: Ball
1-0: Called Strike
1-1: Ground out 4-3 (Groundball, 4)
Batting: RHB Chris Teague 0-0: Ground out 1-3 (Groundball, 13S)
Batting: LHB Tomás Guillén 0-0: Ball
1-0: Ground out 5-3 (Groundball, 5)
Bottom of the 7th over - 0 run(s), 0 hit(s), 0 error(s), 0 left on base; Atlantic City 3 - Marmora 4
TOP OF THE 8TH
Atlantic City Sonics batting - Pitching for Marmora Scramblers : LHP Martin García
Pitching: RHP Jim Unknown
Now at C: Carl Carlson
Batting: LHB Dale Parkinson 0-0: Ball
1-0: Swinging Strike
1-1: Called Strike
1-2: Strikes out looking
Batting: RHB Jesús Rodríguez 0-0: Ball
1-0: Called Strike
1-1: Ball
2-1: Ground out 1-3 (Groundball, 15)
Batting: RHB Luis Garza 0-0: Fly out, F7 (Flyball, 7M)
Top of the 8th over - 0 run(s), 0 hit(s), 0 error(s), 0 left on base; Atlantic City 3 - Marmora 4
BOTTOM OF THE 8TH
Marmora Scramblers batting - Pitching for Atlantic City Sonics : RHP Carlos Trevino
Batting: SHB Carlton Reed 0-0: Called Strike
0-1: Called Strike
0-2: DOUBLE (Line Drive, 7LM)
Pinch Hitting: LHB Markus Richardson 0-0: Intentional Walk
Pitching: LHP Miguel Canó
Batting: RHB Larry Bryant 0-0: Called Strike
0-1: Ball
1-1: Bunted foul
1-2: Ball
2-2: Foul Ball, location: 2F
2-2: SINGLE (Line Drive, 4MD)
Carlton Reed to third
Markus Richardson to second
Batting: RHB Clarence Fox 0-0: Ball
1-0: Ball
2-0: Ball
3-0: Base on Balls
Carlton Reed scores
Markus Richardson to third
Larry Bryant to second
Batting: RHB Chris Hopkins 0-0: Grounds into fielders choice 6-2 (Groundball, 6)
Larry Bryant to third
Clarence Fox to second
Batting: SHB Dave Orchard 0-0: Ball
1-0: Ball
2-0: DOUBLE (Flyball, 8LM)
Larry Bryant scores
Clarence Fox scores
Chris Hopkins to third
Batting: LHB Randy Daugherty 0-0: Intentional Walk
Pitching: RHP José Carlos Hernández
Batting: RHB Carl Carlson 0-0: Ball
1-0: Called Strike
1-1: Ball
2-1: Fly out, F7 (Flyball, 78M)
Batting: LHB Tomás Guillén 0-0: Ground out 1-3 (Groundball, 15)
Bottom of the 8th over - 3 run(s), 3 hit(s), 0 error(s), 3 left on base; Atlantic City 3 - Marmora 7
TOP OF THE 9TH
Atlantic City Sonics batting - Pitching for Marmora Scramblers : RHP Jim Unknown
Now at 3B: Josh Stafford
Batting: RHB Michael Bucknell 0-0: Called Strike
0-1: Called Strike
0-2: Strikes out swinging
Batting: RHB Toby Hopper 0-0: Foul Ball, location: 2F
0-1: Swinging Strike
0-2: Ball
1-2: Strikes out looking
Batting: RHB Tim Giap 0-0: Foul Ball, location: 2F
0-1: Ball
1-1: Ball
2-1: Called Strike
2-2: Strikes out swinging
Top of the 9th over - 0 run(s), 0 hit(s), 0 error(s), 0 left on base; Atlantic City 3 - Marmora 7
This league is powered by Out of the Park Baseball, the baseball management simulation game for PC, Mac and Linux
Saturday, February 27th, 2021 - OOTP Baseball 15.6 Build 34